 Dungeon Crawl Stone Soup version 0.21.1-1-g345015f (webtiles) character file.

0 glosham the Magician (level 1, 13/13 HPs)
             Began as a Mummy Earth Elementalist on May 29, 2018.
             Was a Follower of Nemelex Xobeh.
             Quit the game on level 2 of the Dungeon.
             The game lasted 00:01:24 (81 turns).

glosham the Magician (Mummy Earth Elementalist)       Turns: 81, Time: 00:01:25

Health: 13/13      AC:  3    Str: 11    XL:     1   Next: 8%
Magic:  4/4        EV: 12    Int: 14    God:    Nemelex Xobeh [*.....]
Gold:   0          SH:  0    Dex: 12    Spells: 4/5 levels left

rFire    x . .     SeeInvis .   a - +0 short sword
rCold    + . .     Gourm    .   (no shield)
rNeg     + + +     Faith    .   c - +0 robe
rPois    ∞         Spirit   .   h - +0 helmet (curse)
rElec    .         Reflect  .   (no cloak)
rCorr    .         Harm     .   (no gloves)
MR       .....                  (no boots)
Stlth    ++........             (no amulet)
HPRegen  0.04/turn              (no ring)
MPRegen  0.09/turn              (no ring)

@: no status effects
A: no food or potions, fire vulnerability, cold resistance 1, negative energy
resistance 3, torment resistance, unbreathing
a: Renounce Religion


You were on level 2 of the Dungeon.
You worshipped Nemelex Xobeh.
Nemelex Xobeh was aware of your devotion.
You were not hungry.

You visited 1 branch of the dungeon, and saw 2 of its levels.

Inventory:

Hand Weapons
 a - a +0 short sword (weapon)
Missiles
 b - 29 stones (quivered)
Armour
 c - a +0 robe (worn)
 h - a cursed +0 helmet (worn)
Scrolls
 e - a scroll of blinking {unknown}
 f - a scroll of enchant weapon {unknown}
 g - a scroll of identify {unknown}
Books
 d - a book of Geomancy

   Spells                             Type                      Level
   a - Sandblast                      Earth                        1
   b - Passwall                       Transmutation/Earth          2
   c - Stone Arrow                    Conjuration/Earth            3
   d - Petrify                        Transmutation/Earth          4
   e - Lee's Rapid Deconstruction     Earth                        5
Miscellaneous
 i - a plain deck of escape


   Skills:
 - Level 1.5 Dodging
 - Level 1.5 Stealth
 * Level 2.7 Spellcasting
   Level 0.7 Transmutations
 - Level 2.4 Earth Magic


You had 4 spell levels left.
You knew the following spells:

 Your Spells              Type           Power        Failure   Level  Hunger
x - Sandblast             Erth           #.....       9%          1    N/A

Dungeon Overview and Level Annotations

Branches:
Dungeon (2/15)

Altars:
Nemelex Xobeh


Innate Abilities, Weirdness & Mutations

You do not eat or drink.
Your flesh is vulnerable to fire.
You are immune to poison.
Your flesh is cold resistant. (rC+)
You are immune to negative energy. (rN+++)
You are immune to unholy pain and torment.
You can survive without breathing.


Message History

A kobold comes into view. It is wielding a short sword.
Casting: Sandblast
Confirm with . or Enter, or press ? or * to list all spells.
Aiming: Sandblast
Press: ? - help, Shift-Dir - straight line, f - kobold
Aim: a kobold, wielding a short sword (resting)
The blast of sand hits the kobold.
You kill the kobold!
b - 29 stones You see here a short sword.
g - a short sword Adjust (i)tems, (s)pells, or (a)bilities?
Adjust which item? (? for menu, Esc to quit)
g - a short sword Adjust to which letter? (? for menu, Esc to quit)
a - a short sword;
g - a scroll labeled YBRADW GOLUOTO
a - a +0 short sword (weapon)
Magic restored.
Found a stone staircase leading down.
There is a stone staircase leading down here.
You climb downwards.
A leopard gecko comes into view.
Found a helmet and a fuming dark potion.
There is a stone staircase leading up here.
Found a faded altar of an unknown god.
You see here a helmet.
h - a helmet Wear which item? (? for menu, Esc to quit)
You finish putting on your cursed +0 helmet.
Oops, that feels deathly cold.
Found a hand axe.
Found a scroll labeled YBRADW GOLUOTO.
Found a stone staircase leading down.
There is a faded altar of an unknown god here.
You cannot tell which god this altar belongs to.
Convert to them anyway?
Nemelex Xobeh accepts your prayer! Nemelex Xobeh welcomes you!
Nemelex Xobeh grants you a gift! Something appears at your feet!
i - a plain deck of escape Are you sure you want to abandon this character and quit the game? (Confirm with "yes".)

.... #.. ... ########
##.##....# .
#......###.... ...#..
#.......##..###....
#.#..............###l
.#.....8..............
......8.8...##<# #
.#)8.@.8..#..#..#
......8.8.........#
#......8....#.##.##
#..........!.....#
#.......#..#...###
#.......#.......#
#.......##.......#
#.....?.###.....##
>.... ##...##


There were no monsters in sight!

Vanquished Creatures
  A kobold (D:1)
1 creature vanquished.

Notes
Turn   | Place    | Note
-------+----------+-------------------------------------------
     0 | D:1      | glosham the Mummy Earth Elementalist began the quest for the Orb.
     0 | D:1      | Reached XP level 1. HP: 13/13 MP: 4/4
    66 | D:2      | Found a faded altar of an unknown god.
    79 | D:2      | Became a worshipper of Nemelex Xobeh the Trickster
    79 | D:2      | Received a gift from Nemelex Xobeh
    79 | D:2      | Reached * piety under Nemelex Xobeh
    81 | D:2      | Quit the game

Action                   || total
-------------------------++-------
 Cast: Sandblast         ||     1

Table legend:
 A = Turns spent in this place as a percentage of turns spent in the entire game.
 B = Non-inter-level travel turns spent in this place as a percentage of non-inter-level travel turns spent in the entire game.
 C = Inter-level travel turns spent in this place as a percentage of turns spent in this place.
 D = Turns resting spent in this place as a percentage of non-inter-level travel turns spent in this place.
 E = Turns spent auto-exploring this place as a percentage of non-inter-level travel turns spent in this place.
 F = Non-inter-level travel turns spent in this place divided by the number of levels of this place that you've seen.
                   A       B       C       D       E      F
               +-------+-------+-------+-------+-------+----------------------
         Total | 100.0 | 100.0 |   0.0 |   0.0 |   0.0 |  40.5
       Dungeon | 100.0 | 100.0 |   0.0 |   0.0 |   0.0 |  40.5
               +-------+-------+-------+-------+-------+----------------------

Table legend:
 A = Kills in this place as a percentage of kills in entire the game.
 B = Kills by you in this place as a percentage of kills by you in the entire game.
 C = Kills by friends in this place as a percentage of kills by friends in the entire game.
 D = Other kills in this place as a percentage of other kills in the entire game.
 E = Experience gained in this place as a percentage of experience gained in the entire game.
 F = Experience gained in this place divided by the number of levels of this place that you have seen.
                   A       B       C       D       E      F
               +-------+-------+-------+-------+-------+----------------------
         Total | 100.0 | 100.0 |   N/A |   N/A | 100.0 |   0.5
       Dungeon | 100.0 | 100.0 |   N/A |   N/A | 100.0 |   0.5
               +-------+-------+-------+-------+-------+----------------------

Vault maps used:
D:1:      lemuel_arrival_room, minmay_cut_off
D:2:      minmay_door_path, chequers_ecumenical_altar_simple_redux
